 Dungeon Crawl Stone Soup version 0.29.1-12-g30fa7ad0bf (webtiles) character file.

Game seed: 9644150819002204337

274 Jushak the Caller (level 6, -4/36 HPs)
             Began as a Deep Elf Summoner on Jan 11, 2023.
             Shot with a sling bullet by Joseph (13 damage)
             ... on level 7 of the Dungeon.
             The game lasted 00:17:17 (4039 turns).

Jushak the Caller (Deep Elf Summoner)               Turns: 4039, Time: 00:17:17

Health: -4/36      AC:  2    Str:  5    XL:     6   Next: 3%
Magic:  13/14      EV: 13    Int: 22    God:
Gold:   157        SH:  0    Dex: 15    Spells: 7/13 levels left

rFire   . . .      SeeInvis .   j - +3 dagger (venom)
rCold   . . .      Faith    .   (no shield)
rNeg    . . .      Spirit   .   a - +0 robe
rPois   .          Reflect  .   (no helmet)
rElec   .          Harm     .   (no cloak)
rCorr   .          Rampage  .   (no gloves)
Will    .....                   (no boots)
Stlth   ++........              (no amulet)
HPRegen 0.12/turn               (no ring)
MPRegen 0.14/turn               (no ring)

@: no status effects
A: no striking features
a: no special abilities


You were on level 7 of the Dungeon.
You visited 1 branch of the dungeon, and saw 5 of its levels.
You also visited: Sewer.

You collected 157 gold pieces.

Inventory:

Hand Weapons
 c - a +4 hand axe
 i - a +4 short sword of venom
 j - a +3 dagger of venom (weapon)
Missiles
 v - 5 poisoned darts
Armour
 a - a +0 robe (worn)
Jewellery
 k - a ring of flight
 n - a ring of ice
Scrolls
 h - a scroll of brand weapon {unknown}
 l - a scroll of noise {unknown}
 o - 2 scrolls of teleportation
 s - 2 scrolls of enchant armour
 t - 2 scrolls of vulnerability {unknown}
Potions
 b - 2 potions of magic
 d - a potion of attraction {unknown}
 e - a potion of curing {unknown}
 f - 2 potions of haste
 g - a potion of might {unknown}
 m - 3 potions of brilliance
 p - a potion of mutation {unknown}
 q - a potion of heal wounds {unknown}
 r - 2 potions of lignification
 u - 3 potions of invisibility


   Skills:
 * Level 2.5 Fighting
 + Level 3.6 Dodging
 + Level 3.6 Stealth
 + Level 4.0 Spellcasting
 * Level 5.6 Summonings


You had 7 spell levels left.
You knew the following spells:

 Your Spells              Type           Power      Damage    Failure   Level
a - Summon Small Mammal   Summ           100%       N/A       1%          1
b - Call Imp              Summ           29%        N/A       1%          2
c - Call Canine Familiar  Summ           29%        N/A       3%          3

Your spell library contained the following spells:

 Spells                   Type           Power      Damage    Failure   Level
 Sting                    Tmut/Pois      16%        1d3       11%         1
 Summon Guardian Golem    Hex/Summ       16%        N/A       11%         3
 Poisonous Vapours        Pois/Air       8%         N/A       17%         2
 Summon Lightning Spire   Summ/Air       16%        N/A       34%         4
 Olgreb's Toxic Radiance  Pois           4%         N/A       73%         4
 Storm Form               Tmut/Air       2%         N/A       100%        7
 Maxwell's Capacitive Co  Air            2%         ∞         100%        8


Dungeon Overview and Level Annotations

Branches:
Dungeon (4/15)              Sewer (visited)
 Temple: D:4-7

Altars:

Annotations:
D:2 1 runed translucent door, exclusion: door, Crazy Yiuf, Sigmund
D:7 Joseph


Message History

a +2 dagger of pain; a +0 robe You swap places.
Things that are here:
a +0 dagger; a +0 chain mail; an orc corpse You start resting.
HP restored.
Your quokka disappears in a puff of smoke!
You start resting.
Your bat disappears in a puff of smoke!
Magic restored.
Things that are here:
a +2 dagger of pain; a +0 robe
Found a stone staircase leading up.
Found a stone staircase leading down.
Found a stone staircase leading down.
An orc comes into view. It is wielding a +0 hand axe.
The orc moves out of view.
You now have 157 gold pieces (gained 13).
Joseph, a Mercenary comes into view.
He is wielding a +0 quarterstaff.
Casting: Summon Small Mammal (safe; 1% risk of failure)
Confirm with . or Enter, or press ? or * to list all spells.
Joseph shouts!
Joseph unwields a +0 quarterstaff.
Joseph wields a +0 sling.
Joseph shoots a sling bullet.
The sling bullet hits you.
Casting: Summon Small Mammal (safe; 1% risk of failure)
Confirm with . or Enter, or press ? or * to list all spells.
Your bat hits Joseph but does no damage.
You swap places.
Your bat barely misses Joseph.
Something hits your bat!
Your bat dies!
Your bat's corpse disappears in a puff of smoke!
Your bat hits Joseph but does no damage.
Your bat hits Joseph but does no damage.
Joseph unwields a +0 quarterstaff.
Joseph wields a +0 sling.
Joseph shoots a sling bullet.
The sling bullet hits you!
Joseph shouts, "Wow!"
Joseph shoots a sling bullet.
The sling bullet hits you!
* * * LOW HITPOINT WARNING * * *
Joseph shoots a sling bullet.
The sling bullet hits you!
You die...

......# #..@.....#
.....## #.##.###.#
###..# #. #.@.#.#
#....# #. ###.#.#
#.#.## #. #.#.# ....#
#.####.#.# #.###
#........# #.##
######.###
...###########..@####
.....))..........>..+
.....#########...####
#.##.# ......>#
####.# #.......# #.#
#.......# #.#
#.......# #.#
#...o...# #.#
#.......#


You could see Joseph and an orc (wandering).

Vanquished Creatures
  3 orc wizards (D:3)
  A hell rat (Sewer)
  3 river rats (D:3)
  A dart slug (D:2)
  5 orcs
  4 endoplasms
  2 giant cockroaches
  A goblin (D:3)
  2 hobgoblins (D:3)
  5 kobolds
  A quokka (D:3)
  A ball python (D:2)
  5 bats
  A frilled lizard (D:2)
  4 rats
39 creatures vanquished.

Vanquished Creatures (collateral kills)
  An orc wizard (D:7)
  3 adders
  A worm (D:3)
  2 dart slugs
  3 orcs (D:7)
  7 ball pythons
  6 endoplasms
  6 goblins
  4 hobgoblins
  A quokka (D:1)
  A bat (D:1)
  5 kobolds
  8 rats
48 creatures vanquished.

Vanquished Creatures (others)
  4 toadstools (D:1)
4 creatures vanquished.

Grand Total: 91 creatures vanquished

Notes
Turn   | Place    | Note
-------+----------+-------------------------------------------
     0 | D:1      | Jushak the Deep Elf Summoner began the quest for the Orb.
     0 | D:1      | Reached XP level 1. HP: 10/10 MP: 6/6
    10 | D:1      | Noticed a shining eye
    12 | D:1      | Found a faded altar of an unknown god.
    46 | D:1      | Noticed an eye of devastation
    50 | D:1      | Noticed a great orb of eyes
   323 | D:1      | Reached XP level 2. HP: 16/16 MP: 4/8
   700 | D:1      | Noticed an eye of devastation
  1082 | D:2      | Reached skill level 1 in Fighting
  1241 | D:2      | Reached XP level 3. HP: 19/20 MP: 7/9
  1809 | D:2      | Learned a level 2 spell: Call Imp
  1813 | D:2      | Learned a level 3 spell: Call Canine Familiar
  1985 | D:2      | Reached skill level 5 in Summonings
  1985 | D:2      | Reached XP level 4. HP: 25/25 MP: 11/11
  2097 | D:2      | Found a runed translucent door.
  2097 | D:2      | Noticed Sigmund
  2098 | D:2      | Noticed Crazy Yiuf
  2426 | D:3      | Found a glowing drain.
  2588 | Sewer    | Entered a sewer
  2644 | Sewer    | Reached XP level 5. HP: 22/30 MP: 10/12
  3763 | D:4      | You fall into a shaft and drop 3 floors!
  3925 | D:7      | Reached XP level 6. HP: 36/36 MP: 11/14
  4028 | D:7      | Noticed Joseph
  4039 | D:7      | Shot with a sling bullet by Joseph

Illustrated notes

Levels and vault maps discovered:
D:1:      ldierk_walled_garden_2, layout_basic,
          hellmonk_ecumenical_altar_watching_god, corexii_hall_statues_i
D:2:      minmay_skewed_foursquare, layout_loops_ring, uniq_crazy_yiuf_cottage,
          uniq_sigmund
D:3:      layout_rooms, portal_sewer_entry_c, grunt_ministairs_7
D:4:      layout_basic, uniq_eustachio
D:7:      layout_loops_corners, uniq_joseph

Skill      XL: |  1  2  3  4  5 |
---------------+----------------+-----
Fighting       | 1 2 |  2.5
Dodging        | 3 |  3.6
Stealth        | 3 |  3.6
Summonings     | 5 |  5.6
Spellcasting   | 4 |  4.0

Action                   |  1- 3 |  4- 6 || total
-------------------------+-------+-------++-------
Melee: Unarmed           |     1 |       ||     1
       Hand axe          |    15 |       ||    15
       Dagger            |     4 |    71 ||    75
 Cast: Summon Small Mamm |    55 |    75 ||   130
  Use: Scroll            |       |     6 ||     6
 Stab: Sleeping          |     3 |     3 ||     6
Armor: Robe              |     8 |     6 ||    14
Dodge: Dodged            |    25 |    38 ||    63
